 Dungeon Crawl Stone Soup version 0.29-a0-553-g81b289dbe5 (webtiles) character file.

Game seed: 16269136321776360929

28 spaghetti the Ruffian (level 3, 0/23 HPs)
             Began as a Tengu Berserker on June 6, 2022.
             Was a Follower of Trog.
             Slain by a jackal (2 damage)
             ... on level 1 of the Dungeon.
             The game lasted 00:00:59 (511 turns).

spaghetti the Ruffian (Tengu Berserker)              Turns: 511, Time: 00:01:00

Health: 0/23       AC:  2    Str: 19    XL:     3   Next: 14%
Magic:  4/4        EV: 12    Int:  7    God:    Trog [*.....]
Gold:   21         SH:  0    Dex: 13    Spells: 2/2 levels left

rFire   . . .      SeeInvis .     - Unarmed
rCold   . . .      Faith    .   (no shield)
rNeg    . . .      Spirit   .   a - +0 animal skin
rPois   .          Reflect  .   (helmet restricted)
rElec   .          Harm     .   (no cloak)
rCorr   .          Rampage  .   (no gloves)
Will    .....                   (boots unavailable)
Stlth   +.........              (no amulet)
HPRegen 0.07/turn               (no ring)
MPRegen 0.09/turn               (no ring)

@: on berserk cooldown, slowed, very slow
A: beak, talons 3
a: Renounce Religion, Berserk


You were on level 1 of the Dungeon.
You worshipped Trog.
Trog was aware of your devotion.
You visited 1 branch of the dungeon, and saw 1 of its levels.

You collected 21 gold pieces.


Innate Abilities, Weirdness & Mutations

You have a beak for a mouth.
You have claws for feet.


   Skills:
 + Level 3.3 Fighting
 + Level 2.6 Armour
 + Level 2.6 Dodging
 + Level 3.7 Unarmed Combat


You had 2 spell levels left.
You didn't know any spells.
Your spell library was empty.

Inventory:

Missiles
 b - 11 stones (quivered) {throwing}
 c - 3 poisoned darts {throwing}
Armour
 a - a +0 animal skin (worn)
Magical Staves
 f - a staff of death {forbidden!astaff}
   (You found it on level 1 of the Dungeon)
Scrolls
 d - a scroll of noise {unknown}
 e - a scroll of teleportation {unknown}

Dungeon Overview and Level Annotations

Branches:
Dungeon (1/15)

Altars:

......##..##..[...# ..
.(.....#..###....## ...
....##....####++####...
............[.....?...)
.......................
......##.............
....#...#......†..#
....###.......b...#
....# #^#.....@†# #####
#.....h†#. #####
#........... .....
#.†.###......
###########...# #..(...
..............# ......
###########...# ......
##### ######


You could see a jackal and a bat.


Message History

The rat barely misses you.
You see here a rat corpse.
You are too injured to fight recklessly!
You closely miss the rat. You claw the rat.
You kill the rat!
Trog accepts your kill.
A giant cockroach and a dart slug come into view.
The dart slug launches a dart at you. The slug dart hits you. 😮 HP[-6]
You take 6 damage, and now have 10/19 hp.
MASSIVE DAMAGE!! (PAUSE)
A red film seems to cover your vision as you go berserk!
You feel yourself moving faster!
You feel mighty!
The endoplasm closely misses you. 😮 HP[+5]
You now have 28 max hp (+9).
You regained 5 hp, and now have 15/28 hp.
You barely miss the endoplasm. You claw the endoplasm!
You kill the endoplasm!
Trog accepts your kill.
A jackal comes into view.
You feel a strong urge to attack something.
The jackal barks!
You hear a bark!
The dart slug launches a dart at you. The slug dart misses you.
A jackal comes into view.
The giant cockroach closely misses you.
Unknown command.
You hit the giant cockroach. Your kick misses the giant cockroach.
You punch the giant cockroach!
You kill the giant cockroach!
Trog accepts your kill. 😮 HP[+1]
A bat comes into view.
The bat moves out of view.
You punch the dart slug!
A jackal comes into view.
The dart slug launches a dart at you. The slug dart hits you.
* * * LOW HITPOINT WARNING * * *
😨 HP[-3]
You take 3 damage, and now have 13/28 hp.
The jackal barks!
You punch the dart slug!
You kill the dart slug!
Trog accepts your kill.
You hear a bark!
You have reached level 3!
Your experience leads to an increase in your attributes!
Increase (S)trength, (I)ntelligence, or (D)exterity?
You feel stronger. x2 😨 HP[+3] MP[+1]
You now have 34 max hp (+6).
You regained 3 hp, and now have 16/34 hp.
Your mp is fully restored (4).
You are too injured to fight recklessly!
The jackal misses you.
A jackal comes into view.
You punch the jackal!
You kill the jackal!
Trog accepts your kill.
You are no longer berserk.
You are exhausted.
You feel yourself slow down. 😨 HP[-6]
You now have 23 max hp (-11).
You barely miss the jackal. Your peck misses the jackal. The jackal bites you.
* * * LOW HITPOINT WARNING * * *
The jackal bites you.
* * * LOW HITPOINT WARNING * * *
😨 HP[-4]
You take 4 damage, and now have 6/23 hp.
You hit the jackal. You claw the jackal. The bat closely misses you.
Unknown command.
You hit the jackal but do no damage. The bat completely misses you.
The bat barely misses you.
The jackal bites you but does no damage.
The bat barely misses you.
You hit the jackal. Your kick misses the jackal. You peck the jackal.
You kill the jackal!
Trog accepts your kill. The bat misses you. The jackal bites you.
* * * LOW HITPOINT WARNING * * *
The jackal closely misses you. The jackal misses you.
The jackal bites you but does no damage. 😱 HP[-3]
You take 3 damage, and now have 3/23 hp.
You closely miss the jackal. You peck the jackal.
You kill the jackal!
Trog accepts your kill. The bat barely misses you. The jackal bites you.
* * * LOW HITPOINT WARNING * * *
The jackal bites you but does no damage. 😱 HP[-1]
You take 1 damage, and now have 2/23 hp.
You barely miss the jackal. Your peck misses the jackal.
The bat hits you but does no damage. The jackal completely misses you.
The jackal bites you.
You die...

Action                   || total
-------------------------++-------
Melee: Unarmed           ||    41
       Kick              ||     7
       Peck              ||     3
Throw: Stone             ||     5
Invok: Berserk           ||     2
Armor: Animal skin       ||     7
Dodge: Dodged            ||    38

Levels and vault maps discovered:
D:1:      dpeg_arrival_refuge, layout_rooms, minmay_surrounded

Notes
Turn   | Place    | Note
-------+----------+-------------------------------------------
     0 | D:1      | spaghetti the Tengu Berserker began the quest for the Orb.
     0 | D:1      | Reached XP level 1. HP: 14/14 MP: 2/2
     0 | D:1      | magus.rc [v1.9.6]
   240 | D:1      | Reached XP level 2. HP: 19/19 MP: 3/3
   504 | D:1      | Reached XP level 3. HP: 16/23 MP: 4/4
   509 | D:1      | HP: 3/23 [jackal (3)]
   511 | D:1      | Slain by a jackal

Vanquished Creatures
  A dart slug (D:1)
  An endoplasm (D:1)
  A giant cockroach (D:1)
  5 goblins (D:1)
  A hobgoblin (D:1)
  3 jackals (D:1)
  A kobold (D:1)
  A quokka (D:1)
  3 ball pythons (D:1)
  3 bats (D:1)
  A frilled lizard (D:1)
  3 rats (D:1)
24 creatures vanquished.

Table legend:
 A = Non-vault XP
 B = Vault XP
 C = Vault XP percentage of total XP
 D = Non-vault monster count
 E = Vault monster count
 F = Vault count percentage of total count
                 A         B        C        D         E       F
            +---------+---------+-------+---------+---------+-------
      Total |      35 |       6 |  14.6 |      21 |       3 |  12.5
            +---------+---------+-------+---------+---------+-------
        D:1 |      35 |       6 |  14.6 |      21 |       3 |  12.5
            +---------+---------+-------+---------+---------+-------

Illustrated notes

Table legend:
 A = Kills in this place as a percentage of kills in entire the game.
 B = Kills by you in this place as a percentage of kills by you in the entire game.
 C = Kills by friends in this place as a percentage of kills by friends in the entire game.
 D = Other kills in this place as a percentage of other kills in the entire game.
 E = Experience gained in this place as a percentage of experience gained in the entire game.
 F = Experience gained in this place divided by the number of levels of this place that you have seen.
                   A       B       C       D       E      F
               +-------+-------+-------+-------+-------+----------------------
         Total | 100.0 | 100.0 |   N/A |   N/A | 100.0 |  41.0
       Dungeon | 100.0 | 100.0 |   N/A |   N/A | 100.0 |  41.0
               +-------+-------+-------+-------+-------+----------------------

Table legend: (Time is in decaauts)
 A = Elapsed time spent in this place.
 B = Non-inter-level travel time spent in this place.
 C = Inter-level travel time spent in this place.
 D = Time resting spent in this place.
 E = Time spent auto-exploring this place.
 F = Levels seen in this place.
 G = Mean time per level.
                   A        B        C        D        E       F      G
               +--------+--------+--------+--------+--------+-----+--------+
         Total |    513 |    513 |      0 |      1 |    431 |   1 |  513.0 |
       Dungeon |    513 |    513 |      0 |      1 |    431 |   1 |  513.0 |
               +--------+--------+--------+--------+--------+-----+--------+

Top non-repeatable levels by time:
     D:1: 513 daAuts
